[Event "ICC tourney 2315 (120 10)"]
[Site "Internet Chess Club"]
[Date "2021.01.17"]
[Round "4"]
[White "TigerSahi"]
[Black "helenasd"]
[Result "1-0"]
[ICCResult "Black checkmated"]
[WhiteElo "1662"]
[BlackElo "1633"]
[Opening "King's Indian: Four pawns attack"]
[ECO "E76"]
[NIC "KI.31"]
[Time "16:16:33"]
[PlyCount "59"]
[TimeControl "7200+10"]

1. d4 Nf6 2. c4 g6 3. Nc3 Bg7 4. e4 d6 5. f4 e6 6. Nf3 O-O 7. Bd3 Nc6 8.
O-O Re8 9. Bd2 e5 10. fxe5 dxe5 11. d5 Nd4 12. Be3 Bg4 13. Be2 Nxe2+ 14.
Qxe2 Qd6 15. c5 Qd8 16. h3 Bxf3 17. Qxf3 c6 18. Bg5 cxd5 19. Nxd5 Re6 20.
Bxf6 Bxf6 21. Nxf6+ Kh8 22. Qf2 Qd4 23. Qxd4 exd4 24. Nd5 Rxe4 25. Rxf7 Rd8
26. Nf6 Rh4 27. Re1 d3 28. Ree7 d2 29. Rxh7+ Rxh7 30. Rxh7# { Black
checkmated } 1-0

[Event "ICC tourney 2315 (120 10)"]
[Site "Internet Chess Club"]
[Date "2021.01.17"]
[Round "4"]
[White "TheSuperKing"]
[Black "spideydavey"]
[Result "1-0"]
[ICCResult "Black resigns"]
[WhiteElo "1686"]
[BlackElo "1802"]
[Opening "Sicilian: Kan, 5.Nc3"]
[ECO "B43"]
[NIC "SI.41"]
[Time "16:17:19"]
[PlyCount "111"]
[TimeControl "7200+10"]

1. e4 c5 2. Nf3 e6 3. d4 cxd4 4. Nxd4 a6 5. Nc3 Qc7 6. Be3 Bb4 7. Bd2 Nc6
8. Nxc6 dxc6 9. a3 Bc5 10. Na4 Bd6 11. h3 b5 12. Nc3 Nf6 13. Bd3 O-O 14.
O-O e5 15. Ne2 Bc5 16. Ng3 Be6 17. Bg5 Nd7 18. Qd2 f6 19. Be3 Rfd8 20. Rac1
Qb6 21. Bxc5 Qxc5 22. b4 Qd4 23. c3 Qd6 24. Rfd1 Nb6 25. Qe2 Qc7 26. Rd2
Rd7 27. Nf1 Rad8 28. Ne3 c5 29. Rdd1 Bb3 30. Bc2 Rxd1+ 31. Rxd1 Rxd1+ 32.
Qxd1 Bxc2 33. Qxc2 c4 34. Qd2 Qd7 35. Qxd7 Nxd7 36. Nd5 Kf7 37. Kf1 Nb8 38.
Ke2 Ke6 39. Ke3 Kd6 40. g3 Nc6 41. h4 Ne7 42. Nxe7 Kxe7 43. f4 Kd6 44. Kf3
h5 45. f5 Ke7 46. g4 hxg4+ 47. Kxg4 Kf7 48. Kh5 Kg8 49. Kg6 Kf8 50. h5 Kg8
51. h6 gxh6 52. Kxh6 Kf7 53. Kh7 Kf8 54. Kg6 Ke7 55. Kg7 Ke8 56. Kxf6 {
Black resigns } 1-0

[Event "ICC tourney 2315 (120 10)"]
[Site "Internet Chess Club"]
[Date "2021.01.17"]
[Round "4"]
[White "Sricharan07"]
[Black "MysteryHunter"]
[Result "1-0"]
[ICCResult "Black resigns"]
[WhiteElo "1877"]
[BlackElo "1743"]
[Opening "Sicilian: Alapin's variation (2.c3)"]
[ECO "B22"]
[NIC "SI.47"]
[Time "16:16:41"]
[PlyCount "105"]
[TimeControl "7200+10"]

1. e4 c5 2. c3 Nf6 3. e5 Nd5 4. d4 cxd4 5. cxd4 d6 6. Nf3 g6 7. Bc4 Nb6 8.
Bb3 Bg7 9. O-O O-O 10. h3 Nc6 11. Bf4 dxe5 12. dxe5 e6 13. Nc3 Nd7 14. Re1
a6 15. Rc1 Nc5 16. Bc4 Ne7 17. b4 Nd7 18. Bb3 b5 19. Bh2 Bb7 20. a4 bxa4
21. Nxa4 Nd5 22. Nc5 Nxc5 23. bxc5 Rc8 24. Nd4 Ne7 25. Bf4 Nc6 26. Nxc6
Bxc6 27. Qc2 Qc7 28. Qc3 Rb8 29. Red1 Qb7 30. Bc4 Bxg2 31. Bxa6 Qxa6 32.
Kxg2 Qc6+ 33. Qf3 Qxf3+ 34. Kxf3 Rfc8 35. c6 Rc7 36. Rd7 Rbc8 37. Rxc7 Rxc7
38. Ke4 Bf8 39. Bg5 Bb4 40. Rb1 Bc5 41. Bh6 f5+ 42. exf6 Rxc6 43. Rb7 Rc8
44. f7+ Kh8 45. Ke5 Bf8 46. Bxf8 Rxf8 47. Kf6 h5 48. Re7 Kh7 49. Re8 Rxf7+
50. Kxf7 g5 51. Rxe6 h4 52. Rg6 g4 53. Rxg4 { Black resigns } 1-0

[Event "ICC tourney 2315 (120 10)"]
[Site "Internet Chess Club"]
[Date "2021.01.17"]
[Round "4"]
[White "Deveshc"]
[Black "Goldenmaknae"]
[Result "1/2-1/2"]
[ICCResult "Game drawn by mutual agreement"]
[WhiteElo "1529"]
[BlackElo "1891"]
[Opening "Sicilian: Smith-Morra gambit"]
[ECO "B21"]
[NIC "SI.48"]
[Time "16:16:36"]
[PlyCount "53"]
[TimeControl "7200+10"]

1. e4 c5 2. d4 cxd4 3. c3 dxc3 4. Nxc3 e6 5. a3 Nc6 6. Nf3 g6 7. Bf4 Bg7 8.
Rc1 Nge7 9. Bc4 O-O 10. O-O a6 11. Qe2 b5 12. Ba2 b4 13. axb4 Nxb4 14. Bb3
d5 15. Rfd1 Bb7 16. Na4 Rc8 17. Rxc8 Nxc8 18. Qd2 Qe7 19. Be3 d4 20. Bxd4
Rd8 21. Qe3 Bxd4 22. Nxd4 Nd6 23. f3 Nb5 24. Nxb5 axb5 25. Rxd8+ Qxd8 26.
Nc3 Qa5 27. Qd2 { Game drawn by mutual agreement } 1/2-1/2

[Event "ICC tourney 2315 (120 10)"]
[Site "Internet Chess Club"]
[Date "2021.01.17"]
[Round "4"]
[White "HarleyQueen8"]
[Black "nikhilthota"]
[Result "1-0"]
[ICCResult "Black resigns"]
[WhiteElo "1858"]
[BlackElo "1844"]
[Opening "QGD: exchange, positional line"]
[ECO "D35"]
[NIC "QO.16"]
[Time "16:16:38"]
[PlyCount "81"]
[TimeControl "7200+10"]

1. d4 d5 2. c4 e6 3. Nc3 Nf6 4. cxd5 exd5 5. Bg5 Nbd7 6. e3 Be7 7. Bd3 O-O
8. Nge2 b6 9. O-O Bb7 10. Rc1 Rc8 11. Nb5 c5 12. dxc5 bxc5 13. Nbc3 Ne5 14.
Bf5 Rb8 15. Bf4 Bd6 16. Na4 c4 17. Nac3 g6 18. Bb1 Ba8 19. Qd2 Qd7 20. h3
Nh5 21. Bh2 Bc7 22. Nd4 a6 23. Rfd1 Qe7 24. Qe2 f5 25. Nxf5 Rxf5 26. Bxf5
Qf7 27. Bb1 d4 28. Rxd4 Bf3 29. Qd2 Qe7 30. e4 Nf6 31. Nd5 Nxd5 32. exd5
Qc5 33. Bxe5 Bxe5 34. Rdxc4 Qxd5 35. Qxd5+ Bxd5 36. Rc8+ Rxc8 37. Rxc8+ Kf7
38. b3 Ke7 39. Bd3 a5 40. Rc5 Kd6 41. Rxa5 { Black resigns } 1-0

[Event "ICC tourney 2315 (120 10)"]
[Site "Internet Chess Club"]
[Date "2021.01.17"]
[Round "4"]
[White "kittycat35"]
[Black "rockinroll"]
[Result "0-1"]
[ICCResult "White checkmated"]
[WhiteElo "1696"]
[BlackElo "1804"]
[Opening "Scandinavian: Pytel-Wade variation"]
[ECO "B01"]
[NIC "SD.02"]
[Time "16:16:31"]
[PlyCount "144"]
[TimeControl "7200+10"]

1. e4 d5 2. exd5 Qxd5 3. Nc3 Qd6 4. Nf3 c6 5. d4 Bg4 6. Be3 e6 7. h3 Bh5 8.
Bc4 Nf6 9. g4 Bg6 10. Ne5 Nbd7 11. Nxg6 hxg6 12. Bb3 Nd5 13. Nxd5 cxd5 14.
c3 a6 15. Qd2 Qc7 16. Bf4 Bd6 17. Bxd6 Qxd6 18. Qe3 Nf6 19. Qf3 b5 20. a4
O-O 21. O-O b4 22. Bc2 bxc3 23. bxc3 Rac8 24. Rfc1 Rc6 25. Rab1 Rfc8 26.
Rb3 Rc4 27. Ra1 Qc6 28. Raa3 Rxa4 29. Rxa4 Qxa4 30. Kg2 Qc6 31. h4 a5 32.
h5 gxh5 33. gxh5 Ne4 34. Qf4 Qd6 35. Qg4 a4 36. h6 g6 37. Rb1 Rxc3 38. h7+
Kxh7 39. Qh4+ Kg7 40. Rh1 Qb8 41. Qh6+ Kf6 42. Bxe4 dxe4 43. Qh4+ Kf5 44.
Re1 Qf4 45. Qh7 Qg4+ 46. Kh2 Qh5+ 47. Qxh5+ gxh5 48. Ra1 a3 49. Kg2 e3 50.
fxe3 Rxe3 51. Rf1+ Kg4 52. Rxf7 Re2+ 53. Kf1 Rb2 54. Rg7+ Kh4 55. Ra7 a2
56. d5 Rb1+ 57. Kg2 a1=Q 58. Rxa1 Rxa1 59. dxe6 Re1 60. e7 Rxe7 61. Kf3 Kg5
62. Kg3 h4+ 63. Kh3 Kh5 64. Kg2 Kg4 65. Kh2 h3 66. Kg1 h2+ 67. Kxh2 Re6 68.
Kg2 Re2+ 69. Kf1 Kf3 70. Kg1 Rd2 71. Kh1 Kg3 72. Kg1 Rd1# { White
checkmated } 0-1

[Event "ICC tourney 2315 (120 10)"]
[Site "Internet Chess Club"]
[Date "2021.01.17"]
[Round "4"]
[White "FlowingMelody"]
[Black "VianYang"]
[Result "0-1"]
[ICCResult "White resigns"]
[WhiteElo "1356"]
[BlackElo "1620"]
[Opening "Sicilian: Najdorf, Opocensky variation"]
[ECO "B92"]
[NIC "SI.10"]
[Time "16:16:29"]
[PlyCount "68"]
[TimeControl "7200+10"]

1. e4 c5 2. Nf3 d6 3. d4 cxd4 4. Nxd4 Nf6 5. Nc3 a6 6. Be2 e5 7. Nb3 Nc6 8.
O-O Be6 9. Be3 Be7 10. Kh1 O-O 11. f4 exf4 12. Bxf4 Ne5 13. Qd4 Qc7 14. Qf2
Nc4 15. Rab1 b5 16. Bxc4 Bxc4 17. Rfe1 Rfe8 18. Qg3 Nh5 19. Qf3 Nxf4 20.
Qxf4 Bf6 21. Qd2 Rac8 22. Rbd1 Be5 23. a3 Bxb3 24. cxb3 Qe7 25. Qe3 Qh4 26.
g3 Qh5 27. Rf1 Re6 28. Rd2 Bxc3 29. bxc3 Qe5 30. Qf3 Rf6 31. Qe2 Rxf1+ 32.
Qxf1 Qxe4+ 33. Qg2 Qe1+ 34. Qg1 Qxd2 { White resigns } 0-1

[Event "ICC tourney 2315 (120 10)"]
[Site "Internet Chess Club"]
[Date "2021.01.17"]
[Round "4"]
[White "AJ2000"]
[Black "sunnyjingxu"]
[Result "1/2-1/2"]
[ICCResult "Game drawn by mutual agreement"]
[WhiteElo "1710"]
[BlackElo "1711"]
[Opening "Ruy Lopez: closed, Bogolyubov variation"]
[ECO "C91"]
[NIC "RL.20"]
[Time "16:16:37"]
[PlyCount "107"]
[TimeControl "7200+10"]

1. e4 e5 2. Nf3 Nc6 3. Bb5 a6 4. Ba4 Nf6 5. O-O Be7 6. Re1 b5 7. Bb3 O-O 8.
c3 d6 9. d4 Bg4 10. d5 Na5 11. Bc2 c6 12. dxc6 Nxc6 13. h3 Be6 14. Nbd2 Qc7
15. Nf1 h6 16. Ne3 Rad8 17. Nd5 Bxd5 18. exd5 Na5 19. Be3 Nc4 20. b3 Nxe3
21. Rxe3 Qc5 22. Be4 Nxe4 23. Rxe4 Qxc3 24. Rc1 Qa5 25. Qc2 Qb6 26. Qc7
Qxc7 27. Rxc7 Rfe8 28. Re2 Ra8 29. Rec2 Kf8 30. R2c6 a5 31. Rb7 Reb8 32.
Ra6 f5 33. Rxb5 Rxb5 34. Rxa8+ Kf7 35. Nd2 Rxd5 36. Nc4 Rd1+ 37. Kh2 d5 38.
Nxe5+ Ke6 39. f4 Bd6 40. Ra6 Rd2 41. Nf7 Kxf7 42. Rxd6 Rxa2 43. Rxd5 g6 44.
Rd7+ Kf6 45. Rh7 h5 46. Rb7 Rb2 47. Rb5 Ra2 48. Kg3 a4 49. Rb6+ Kg7 50.
bxa4 Rxa4 51. Kh4 Kh6 52. g3 Rc4 53. Re6 Rd4 54. Rc6 { Game drawn by mutual
agreement } 1/2-1/2

[Event "ICC tourney 2315 (120 10)"]
[Site "Internet Chess Club"]
[Date "2021.01.17"]
[Round "4"]
[White "bonnelleo1"]
[Black "CougarForest"]
[Result "1-0"]
[ICCResult "Black resigns"]
[WhiteElo "1871"]
[BlackElo "1492"]
[Opening "Queen's pawn: London system"]
[ECO "A45"]
[NIC "QP.07"]
[Time "16:17:00"]
[PlyCount "113"]
[TimeControl "7200+10"]

1. d4 Nf6 2. Bf4 c5 3. e3 Qb6 4. b3 g6 5. Nf3 Bg7 6. Be2 O-O 7. O-O d6 8.
Na3 Be6 9. Nc4 Bxc4 10. Bxc4 d5 11. Bd3 Nc6 12. c3 Nh5 13. Bg5 h6 14. Bh4
Rfe8 15. Rc1 Rac8 16. dxc5 Qxc5 17. Nd4 e5 18. Nxc6 Rxc6 19. a4 a6 20. b4
Qd6 21. Qb3 e4 22. Be2 Rec8 23. Bxh5 gxh5 24. Bg3 Qf6 25. Qxd5 Rxc3 26.
Rxc3 Qxc3 27. Qxe4 Rc4 28. Qxb7 Qxb4 29. Qxa6 Qxa4 30. Qxa4 Rxa4 31. h3 Kh7
32. Rb1 Ra1 33. Rxa1 Bxa1 34. Kf1 Kg6 35. Ke2 f5 36. Kd3 Bf6 37. Kc4 h4 38.
Bd6 Kg5 39. f3 Kh5 40. Kd5 Kg6 41. Ke6 Kh5 42. Kxf5 Be7 43. Ke6 Bg5 44. e4
Kg6 45. f4 Bd8 46. f5+ Kh5 47. f6 Bxf6 48. e5 Bd8 49. Kf7 Bg5 50. e6 Bf6
51. e7 Bxe7 52. Kxe7 Kg5 53. Ke6 Kh5 54. Ke5 Kg5 55. Ke4 Kg6 56. Kf3 Kf5
57. Be7 { Black resigns } 1-0

[Event "ICC tourney 2315 (120 10)"]
[Site "Internet Chess Club"]
[Date "2021.01.17"]
[Round "4"]
[White "mnm2"]
[Black "ibalek"]
[Result "0-1"]
[ICCResult "White resigns"]
[WhiteElo "1526"]
[BlackElo "1652"]
[Opening "Sicilian: Kan variation"]
[ECO "B41"]
[NIC "SI.41"]
[Time "16:16:33"]
[PlyCount "46"]
[TimeControl "7200+10"]

1. e4 c5 2. Nf3 e6 3. d4 cxd4 4. Nxd4 a6 5. Be3 Qc7 6. Be2 Nf6 7. f3 d5 8.
Nd2 Bd6 9. g3 O-O 10. c3 b5 11. Bd3 Bb7 12. Qc2 Nbd7 13. exd5 Bxd5 14. Bf2
Nc5 15. O-O Nxd3 16. Qxd3 Rfd8 17. Qc2 e5 18. Nf5 Bc5 19. Bxc5 Qxc5+ 20.
Kh1 g6 21. b4 Qa7 22. Nh4 Ng4 23. Rfe1 Qf2 { White resigns } 0-1

[Event "ICC tourney 2315 (120 10)"]
[Site "Internet Chess Club"]
[Date "2021.01.17"]
[Round "4"]
[White "bg26723"]
[Black "virajphadke"]
[Result "0-1"]
[ICCResult "White resigns"]
[WhiteElo "1917"]
[BlackElo "1582"]
[Opening "Scotch gambit: Dubois-Réti defense"]
[ECO "C55"]
[NIC "KP.02"]
[Time "16:16:33"]
[PlyCount "124"]
[TimeControl "7200+10"]

1. e4 e5 2. Nf3 Nc6 3. Bc4 Nf6 4. d4 exd4 5. e5 d5 6. Bb5 Ne4 7. Nxd4 Bd7
8. Bxc6 bxc6 9. O-O Bc5 10. f3 Ng5 11. Be3 Bb6 12. f4 Ne4 13. Nd2 Nxd2 14.
Qxd2 O-O 15. c3 Qe7 16. a4 a5 17. Rfe1 Rad8 18. Qf2 c5 19. Nb3 d4 20. cxd4
cxd4 21. Nxd4 Rfe8 22. Nf3 Bxe3 23. Qxe3 Bf5 24. Nd4 Bd7 25. f5 c5 26. f6
Qf8 27. fxg7 Qxg7 28. Nb3 Bc6 29. Qg3 Qxg3 30. hxg3 Rd5 31. Nxa5 Ba8 32.
Nc4 Rd4 33. b3 Rb8 34. e6 fxe6 35. Rxe6 Bd5 36. Rd6 Rxb3 37. Nb6 Be4 38.
Rxd4 cxd4 39. Nc4 Rxg3 40. Rd1 Rxg2+ 41. Kf1 d3 42. Ne5 Rh2 43. Ke1 Re2+
44. Kf1 Bg2+ 45. Kg1 d2 46. Nd3 Be4 47. Nb2 Bc2 48. Rf1 Re1 49. Kf2 Rxf1+
50. Kxf1 d1=Q+ 51. Nxd1 Bxd1 52. a5 Bf3 53. Kf2 Ba8 54. a6 Kg7 55. Kg3 Kg6
56. Kh4 h5 57. a7 Kh6 58. Kh3 Kg5 59. Kg3 h4+ 60. Kh3 Kh5 61. Kh2 Kg4 62.
Kg1 Kg3 { White resigns } 0-1

[Event "ICC tourney 2315 (120 10)"]
[Site "Internet Chess Club"]
[Date "2021.01.17"]
[Round "4"]
[White "jmwgroff"]
[Black "kingannihilator"]
[Result "0-1"]
[ICCResult "White resigns"]
[WhiteElo "1894"]
[BlackElo "1756"]
[Opening "Grünfeld: exchange variation"]
[ECO "D85"]
[NIC "GI.03"]
[Time "16:16:31"]
[PlyCount "102"]
[TimeControl "7200+10"]

1. d4 Nf6 2. c4 g6 3. Nc3 d5 4. cxd5 Nxd5 5. Bd2 Bg7 6. e4 Nb6 7. Be3 O-O
8. a4 a5 9. h3 e6 10. Nf3 Qe7 11. Be2 Rd8 12. Qc1 f5 13. e5 Qf7 14. h4 Nd5
15. Nxd5 exd5 16. h5 Nc6 17. hxg6 hxg6 18. Bh6 Bh8 19. Ra3 Nxd4 20. Bg5
Nxe2 21. Kxe2 Re8 22. Rxh8+ Kxh8 23. Qh1+ Kg8 24. Qh4 Ra6 25. Kf1 Qh7 26.
Qd4 Rc6 27. Ne1 Rc4 28. Qxd5+ Be6 29. Qxb7 Qh1+ 30. Ke2 Re4+ 31. Re3 Rxe3+
32. fxe3 Bc4+ 33. Kd2 Qf1 34. Qf3 Rxe5 35. Bf6 Rd5+ 36. Kc3 Qxe1+ 37. Kxc4
c6 38. Bc3 Qb1 39. g4 Qa2+ 40. b3 Qa3 41. Bd4 Qb4+ 42. Kd3 Qxb3+ 43. Ke2
Rxd4 44. exd4 Qxf3+ 45. Kxf3 Kf7 46. gxf5 gxf5 47. Ke3 Ke6 48. Kd3 Kd5 49.
Ke3 Kc4 50. Kf4 Kxd4 51. Kxf5 c5 { White resigns } 0-1

[Event "ICC tourney 2315 (120 10)"]
[Site "Internet Chess Club"]
[Date "2021.01.17"]
[Round "4"]
[White "raschess"]
[Black "mnm1"]
[Result "1-0"]
[ICCResult "Black resigns"]
[WhiteElo "1829"]
[BlackElo "1508"]
[Opening "Sicilian: Richter-Rauzer, Rauzer attack, 7...Be7"]
[ECO "B63"]
[NIC "SI.27"]
[Time "16:16:34"]
[PlyCount "83"]
[TimeControl "7200+10"]

1. e4 c5 2. Nf3 d6 3. d4 cxd4 4. Nxd4 Nf6 5. Nc3 Nc6 6. Bg5 e6 7. Qd2 Be7
8. Bxf6 Bxf6 9. Ndb5 O-O 10. Nxd6 Nd4 11. Nc4 Qc7 12. Bd3 b5 13. Ne3 b4 14.
Ncd1 a5 15. O-O Bb7 16. Ng4 Be7 17. e5 Rfd8 18. c3 Nc6 19. Qe3 Rac8 20. Qh3
g6 21. Nh6+ Kg7 22. Nxf7 Rxd3 23. Qxd3 Kxf7 24. Qh3 h5 25. f4 Qd7 26. Nf2
Bc5 27. Kh1 Kg7 28. Ne4 Ne7 29. Rad1 Nd5 30. c4 Qf7 31. cxd5 exd5 32. e6
Qe7 33. Nxc5 Rxc5 34. f5 gxf5 35. Qxf5 d4 36. Qf7+ Qxf7 37. Rxf7+ Kg8 38.
Rxb7 Kf8 39. Rf1+ Ke8 40. e7 Rc1 41. Rxc1 d3 42. Rc8+ { Black resigns } 1-0

[Event "ICC tourney 2315 (120 10)"]
[Site "Internet Chess Club"]
[Date "2021.01.17"]
[Round "4"]
[White "davika21"]
[Black "chessisthebest1"]
[Result "1/2-1/2"]
[ICCResult "Game drawn by mutual agreement"]
[WhiteElo "1898"]
[BlackElo "1812"]
[Opening "Sicilian: Alapin's variation (2.c3)"]
[ECO "B22"]
[NIC "SI.46"]
[Time "16:16:33"]
[PlyCount "125"]
[TimeControl "7200+10"]

1. e4 c5 2. c3 d5 3. exd5 Qxd5 4. d4 g6 5. Nf3 Bg7 6. Be2 Nf6 7. O-O O-O 8.
h3 Nc6 9. Be3 cxd4 10. cxd4 e6 11. Nc3 Qd8 12. Ne5 Ne7 13. Bf3 Nfd5 14.
Nxd5 Nxd5 15. Qb3 f6 16. Nd3 Nxe3 17. fxe3 Qe7 18. Nc5 Rf7 19. Rac1 Bh6 20.
Rfe1 Qd6 21. d5 e5 22. Ne4 Qd8 23. Red1 Bf5 24. Nc5 Qb6 25. Qc3 Rc8 26. b4
a5 27. a3 axb4 28. axb4 Qb5 29. Qd2 b6 30. Be2 Qe8 31. Nb3 Rfc7 32. d6 Rxc1
33. Rxc1 Bf8 34. Rc7 Rd8 35. Bc4+ Be6 36. d7 Qf7 37. Bxe6 Qxe6 38. Nc1 Qd6
39. Qxd6 Bxd6 40. Rc8 Be7 41. Ne2 Kf7 42. Kf2 Rxd7 43. Rc6 Bxb4 44. Rxb6
Bc5 45. Rc6 Bd6 46. Nc3 f5 47. e4 Ke6 48. Ke3 Rc7 49. Rxc7 Bxc7 50. Nd5 Bd6
51. g4 Bc5+ 52. Kf3 h6 53. Nc3 Bb4 54. Ne2 Bd2 55. gxf5+ gxf5 56. exf5+
Kxf5 57. Ng3+ Ke6 58. Ke4 Bf4 59. Ne2 Bh2 60. Nc1 Kf6 61. Nd3 h5 62. Nxe5
Bxe5 63. h4 { Game drawn by mutual agreement } 1/2-1/2

[Event "ICC tourney 2315 (120 10)"]
[Site "Internet Chess Club"]
[Date "2021.01.17"]
[Round "4"]
[White "Arsalchess"]
[Black "DanielA1926"]
[Result "0-1"]
[ICCResult "White resigns"]
[WhiteElo "1882"]
[BlackElo "1771"]
[Opening "Robatsch (modern) defense"]
[ECO "B06"]
[NIC "KF.05"]
[Time "16:16:48"]
[PlyCount "158"]
[TimeControl "7200+10"]

1. e4 g6 2. d4 Bg7 3. Nf3 d6 4. Bd3 Nd7 5. Nbd2 e5 6. c3 Ngf6 7. O-O O-O 8.
Re1 exd4 9. cxd4 c5 10. Nc4 d5 11. exd5 cxd4 12. Nxd4 Nxd5 13. Be4 Nc5 14.
Bf3 Nb6 15. Nb3 Qxd1 16. Rxd1 Nxc4 17. Nxc5 Bf5 18. Be4 Bxe4 19. Nxe4 Rad8
20. Bg5 Rxd1+ 21. Rxd1 Bxb2 22. Rd7 f5 23. Nc5 b6 24. Nd3 Bf6 25. h4 Bxg5
26. hxg5 a5 27. Nf4 Ne5 28. Rd6 Rb8 29. Nd5 Nf7 30. Nf6+ Kg7 31. Rd7 b5 32.
f4 a4 33. Ra7 Rd8 34. Nd7 Kg8 35. Rb7 a3 36. Nc5 Nd6 37. Ra7 b4 38. Nd7 Ne4
39. Nf6+ Nxf6 40. gxf6 Rd1+ 41. Kh2 Rd2 42. Rg7+ Kf8 43. Rb7 Rb2 44. Kg3 h6
45. Kf3 Rxa2 46. Rxb4 Kf7 47. Ra4 Kxf6 48. Kg3 g5 49. Ra5 Ra1 50. Ra6+ Kg7
51. Ra7+ Kg6 52. fxg5 hxg5 53. Ra8 a2 54. Ra7 Kh6 55. Ra8 Kg7 56. Ra7+ Kf6
57. Ra5 g4 58. Ra6+ Kg5 59. Ra5 Kf6 60. Ra8 Ke5 61. Re8+ Kd4 62. Rd8+ Kc5
63. Rc8+ Kb6 64. Ra8 Kc5 65. Rc8+ Kd4 66. Rd8+ Ke3 67. Re8+ Kd2 68. Rd8+
Ke1 69. Re8+ Kf1 70. Ra8 Kg1 71. Ra6 f4+ 72. Kxg4 Kxg2 73. Ra7 f3 74. Kf4
f2 75. Rg7+ Kf1 76. Ra7 Ke1 77. Re7+ Kd2 78. Rd7+ Kc3 79. Rc7+ Kb4 { White
resigns } 0-1

[Event "ICC tourney 2315 (120 10)"]
[Site "Internet Chess Club"]
[Date "2021.01.17"]
[Round "4"]
[White "Boldmann"]
[Black "Ethan719"]
[Result "1/2-1/2"]
[ICCResult "Game drawn by mutual agreement"]
[WhiteElo "1756"]
[BlackElo "1826"]
[Opening "Sicilian: Kan, 5.Nc3"]
[ECO "B43"]
[NIC "SI.41"]
[Time "16:16:52"]
[PlyCount "132"]
[TimeControl "7200+10"]

1. e4 c5 2. Nf3 e6 3. d4 cxd4 4. Nxd4 a6 5. Nc3 Qc7 6. Be2 Nf6 7. O-O Be7
8. Be3 O-O 9. f4 d6 10. g4 b5 11. g5 Nfd7 12. Bf3 Bb7 13. Nb3 Nc5 14. Nxc5
dxc5 15. Qe2 Nc6 16. e5 Nb4 17. Bxb7 Qxb7 18. Rad1 Rfd8 19. Qf2 Qc6 20. a3
Nd5 21. Nxd5 Rxd5 22. Qf3 Rad8 23. Rxd5 Qxd5 24. Qxd5 Rxd5 25. b3 g6 26.
Kf2 Kf8 27. Ke2 Ke8 28. c4 Rd7 29. cxb5 axb5 30. Rc1 Rc7 31. a4 bxa4 32.
bxa4 c4 33. Bb6 Rc6 34. a5 Bd8 35. Bxd8 Kxd8 36. Kd2 Rc5 37. Ra1 c3+ 38.
Kc2 Kc8 39. Ra3 Kb7 40. Rxc3 Rxa5 41. Rh3 Ra2+ 42. Kb3 Rf2 43. Rh4 Kc6 44.
Kc4 Kd7 45. Kd4 Ke7 46. Ke3 Ra2 47. Rxh7 Ra3+ 48. Ke4 Rb3 49. Rh8 Ra3 50.
Kd4 Rf3 51. Rh4 Kf8 52. Ke4 Rf2 53. h3 Re2+ 54. Kf3 Rh2 55. Kg3 Ra2 56.
Rh8+ Kg7 57. Rb8 Ra1 58. Rb2 Ra3+ 59. Kg4 Rc3 60. Rh2 Ra3 61. h4 Rb3 62. h5
gxh5+ 63. Rxh5 Ra3 64. Rh3 Rxh3 65. Kxh3 Kh7 66. Kh4 Kg7 { Game drawn by
mutual agreement } 1/2-1/2

[Event "ICC tourney 2315 (120 10)"]
[Site "Internet Chess Club"]
[Date "2021.01.17"]
[Round "4"]
[White "WizardY"]
[Black "fleshlumpeater"]
[Result "0-1"]
[ICCResult "White checkmated"]
[WhiteElo "1709"]
[BlackElo "1966"]
[Opening "Sicilian: Pelikan (Lasker/Sveshnikov) variation"]
[ECO "B33"]
[NIC "SI.35"]
[Time "16:16:28"]
[PlyCount "148"]
[TimeControl "7200+10"]

1. e4 c5 2. Nf3 Nc6 3. d4 cxd4 4. Nxd4 Nf6 5. Nc3 e5 6. Ndb5 d6 7. Nd5 Nxd5
8. exd5 Ne7 9. c4 Ng6 10. Qa4 Bd7 11. Qa3 Qb8 12. Be3 a6 13. Nc3 Be7 14.
Be2 O-O 15. O-O f5 16. f3 Qc7 17. Qb3 Kh8 18. Bb6 Qc8 19. a3 Nf4 20. Qc2
Qe8 21. Be3 Bg5 22. Bxf4 Bxf4 23. h3 Qg6 24. b4 Qg3 25. Bd1 Qh2+ 26. Kf2
Bg3+ 27. Ke3 Bh4 28. Qe2 Rac8 29. Kd3 Qf4 30. Bb3 b5 31. Kc2 bxc4 32. Ba4
Bxa4+ 33. Nxa4 c3 34. Nxc3 Qd4 35. Qd3 Rc4 36. Rac1 Rfc8 37. Qxd4 exd4 38.
Kd3 Rxc3+ 39. Rxc3 Rxc3+ 40. Kd2 Rxa3 41. f4 Bf6 42. Rc1 h6 43. Rc6 a5 44.
b5 Rb3 45. b6 a4 46. Rxd6 a3 47. b7 Rxb7 48. Ra6 Rd7 49. Rxa3 Rxd5 50. Kd3
Rc5 51. Kd2 Rc3 52. Ra8+ Kh7 53. Ra5 Rg3 54. Rxf5 Rxg2+ 55. Kd3 Rg3+ 56.
Kd2 Rxh3 57. Rd5 Rf3 58. f5 h5 59. Ra5 Kh6 60. Ra1 Rxf5 61. Kd3 Rf3+ 62.
Kd2 h4 63. Rh1 g5 64. Ke2 Re3+ 65. Kd2 g4 66. Rf1 Bg5 67. Kd1 g3 68. Rg1 h3
69. Rh1 g2 70. Rg1 h2 71. Re1 Rxe1+ 72. Kxe1 g1=Q+ 73. Ke2 Qe3+ 74. Kd1
Qd2# { White checkmated } 0-1

[Event "ICC tourney 2315 (120 10)"]
[Site "Internet Chess Club"]
[Date "2021.01.17"]
[Round "4"]
[White "corviknight"]
[Black "Han366"]
[Result "0-1"]
[ICCResult "White resigns"]
[WhiteElo "1821"]
[BlackElo "1700"]
[Opening "French: Winawer, advance, poisoned pawn, Konstantinopolsky variation"]
[ECO "C18"]
[NIC "FR.11"]
[Time "16:16:43"]
[PlyCount "116"]
[TimeControl "7200+10"]

1. e4 e6 2. d4 d5 3. Nc3 Bb4 4. e5 c5 5. a3 Bxc3+ 6. bxc3 Ne7 7. Qg4 Qc7 8.
Qxg7 Rg8 9. Qxh7 cxd4 10. Ne2 Nbc6 11. f4 Bd7 12. Qd3 dxc3 13. Nxc3 a6 14.
h3 Na5 15. g4 Rc8 16. Bd2 Nc4 17. Ne2 Nxd2 18. Kxd2 Bb5 19. Qb3 Nc6 20. a4
Bc4 21. Qc3 Qb6 22. a5 Qa7 23. g5 Bb5 24. Ng3 Ne7 25. Bxb5+ axb5 26. Qd3
Rc4 27. Nh5 Rd4 28. Nf6+ Kf8 29. Nxg8 Rxd3+ 30. cxd3 Kxg8 31. h4 Qf2+ 32.
Kc3 Qxf4 33. h5 Qxe5+ 34. Kb3 Qd4 35. g6 Qxd3+ 36. Kb4 fxg6 37. h6 Qc4+ 38.
Ka3 Kh7 39. Raf1 Nf5 40. Rc1 Qf4 41. Rc8 Nxh6 42. Re8 Qf6 43. Rb8 Qe7+ 44.
Ka2 Kg7 45. a6 bxa6 46. Rc1 Kf6 47. Rb6 Nf5 48. Rxa6 Nd4 49. Rf1+ Kg7 50.
Rd1 Qc5 51. Ra3 Qc2+ 52. Ka1 Qxd1+ 53. Ka2 Qc2+ 54. Ka1 b4 55. Ra2 Qxa2+
56. Kxa2 g5 57. Kb2 g4 58. Kc1 Kf6 { White resigns } 0-1

[Event "ICC tourney 2315 (120 10)"]
[Site "Internet Chess Club"]
[Date "2021.01.18"]
[Round "5"]
[White "ChessPlayer2005"]
[Black "TheSuperKing"]
[Result "0-1"]
[ICCResult "White resigns"]
[WhiteElo "1858"]
[BlackElo "1686"]
[Opening "Ruy Lopez: closed defense"]
[ECO "C84"]
[NIC "RL.13"]
[Time "11:02:18"]
[PlyCount "46"]
[TimeControl "7200+10"]

1. e4 e5 2. Nf3 Nc6 3. Bb5 a6 4. Ba4 Nf6 5. O-O Be7 6. Nc3 b5 7. Bb3 O-O 8.
d3 d6 9. a3 Bg4 10. Nd5 Nd4 11. Nxe7+ Qxe7 12. Be3 Nxf3+ 13. gxf3 Bh3 14.
Re1 d5 15. exd5 Qd6 16. Kh1 Nxd5 17. Rg1 Nf4 18. Rg3 Qd7 19. Qg1 Nh5 20.
Rxg7+ Nxg7 21. Bh6 Bg4 22. Qg3 Qc6 23. Qxg4 Qxh6 { White resigns } 0-1

[Event "ICC tourney 2315 (120 10)"]
[Site "Internet Chess Club"]
[Date "2021.01.18"]
[Round "5"]
[White "nikhilthota"]
[Black "Niteshc"]
[Result "1-0"]
[ICCResult "Black checkmated"]
[WhiteElo "1844"]
[BlackElo "1672"]
[Opening "King's Indian: orthodox, 7...Nbd7"]
[ECO "E94"]
[NIC "KI.14"]
[Time "11:02:17"]
[PlyCount "91"]
[TimeControl "7200+10"]

1. Nf3 Nf6 2. c4 g6 3. d4 Bg7 4. Nc3 O-O 5. e4 d6 6. Be2 Nbd7 7. O-O e5 8.
Bg5 c6 9. d5 Qc7 10. Qd2 Rd8 11. Rfd1 Nf8 12. dxc6 bxc6 13. c5 Bg4 14. cxd6
Qa5 15. Nxe5 Bxe2 16. Nd5 Qxd5 17. exd5 Bxd1 18. Rxd1 Ne4 19. Qe3 Nxg5 20.
Qxg5 f6 21. Qg3 fxe5 22. dxc6 Ne6 23. c7 Rd7 24. Qb3 Kf7 25. Qb7 Rad8 26.
c8=Q Ke8 27. Qa6 Rxc8 28. Qxc8+ Nd8 29. Rc1 Rxd6 30. Kf1 Bh6 31. Re1 Bg7
32. f4 Rf6 33. Rxe5+ Kf7 34. Qd7+ Kg8 35. Qxd8+ Rf8 36. Re8 a5 37. Rxf8+
Bxf8 38. Qxa5 Bg7 39. b4 Bf8 40. b5 Bg7 41. b6 Bf8 42. b7 Bg7 43. b8=Q+ Bf8
44. Qad8 Kf7 45. Qxf8+ Ke6 46. Qbd6# { Black checkmated } 1-0